AoeStats
← El chamo pirámide

Black Forest

510181899Analyzed
4v4 RM · 19h ago on Sep 29, 2026· 44m 58s· 8 players
Game mode
Random Map
Map size
Large (8 player)
Population
200
Speed
Normal
Resources
Standard
Victory
Conquest
Starting age
Dark Age
Ending age
Imperial Age
RankedLock teamsTeams togetherTeam positionsShared explorationLock speedFull tech treeHidden civsTurbo modeCheats
Victory
Defeat
🇻🇪 Bengalis · Venezuela
1057
+16
🇬🇧 Japanese · United Kingdom
1055
+16
🇺🇸 Franks · United States
1002
+18
🇨🇦 Bulgarians · Canada
996
+18
🇫🇷 Tatars · France
1194
-24
🇹🇷 Khmer · Türkiye
1032
-16
🇫🇷 Mongols · France
999
-15
🇫🇷 Bohemians · France
960
-13
Kim jong-un
0:32 Loom
12:42 Feudal Age
17:37 Castle Age
26:55 Double-Bit Axe
27:16 Horse Collar
27:54 Gold Mining
30:05 Bow Saw
35:56 Wheelbarrow
35:07 Town Watch
37:14 Gold Shaft Mining
37:23 Bloodlines
37:14 Husbandry
38:19 Scale Barding Armor
38:24 Forging
39:13 Hand Cart
Siller
11:10 Feudal Age
12:50 Double-Bit Axe
15:30 Castle Age
15:54 Horse Collar
20:02 Gold Mining
22:05 Fletching
25:15 Loom
28:14 Bodkin Arrow
28:20 Padded Archer Armor
30:08 Ballistics
30:27 Wheelbarrow
33:34 Imperial Age
31:35 Heavy Plow
31:54 Bow Saw
32:42 Leather Archer Armor
33:44 Hand Cart
34:39 Bloodlines
34:30 Husbandry
34:57 Parthian Tactics
34:49 Thumb Ring
35:45 Conscription
35:29 Bracer
35:22 Elite Mangudai
37:47 Chemistry
YemYesiL
0:37 Loom
12:32 Feudal Age
16:55 Castle Age
14:57 Double-Bit Axe
17:36 Horse Collar
22:16 Heavy Plow
24:17 Bow Saw
25:48 Gold Mining
26:56 Wheelbarrow
28:56 Ballistics
33:07 Imperial Age
33:17 Heavy Scorpion
34:07 Double Crossbow
35:19 Siege Engineers
36:49 Chemistry
PUR Vortex
11:04 Feudal Age
12:24 Loom
15:48 Castle Age
16:31 Double-Bit Axe
29:41 Fervor
29:58 Wagenburg Tactics
29:54 Town Watch
30:46 Wheelbarrow
30:25 Horse Collar
32:32 Town Patrol
32:51 Hand Cart
36:42 Imperial Age
36:19 Chemistry
37:36 Siege Engineers
38:22 Elite Hussite Wagon
House of Bebu
11:24 Feudal Age
11:40 Loom
15:09 Castle Age
13:10 Double-Bit Axe
13:51 Horse Collar
16:19 Bow Saw
17:22 Heavy Plow
20:57 Wheelbarrow
24:07 Stone Mining
25:58 Gold Mining
26:43 Hand Cart
32:16 Gold Shaft Mining
34:36 Imperial Age
31:52 Town Watch
32:06 Murder Holes
32:21 Fortified Wall
31:52 Treadmill Crane
32:23 Masonry
32:33 Ballistics
32:05 Guard Tower
32:17 Yasama
33:12 Forging
33:02 Scale Mail Armor
32:53 Fletching
33:04 Padded Archer Armor
33:27 Town Patrol
34:37 Iron Casting
34:17 Chain Mail Armor
34:48 Bodkin Arrow
35:08 Leather Archer Armor
35:53 Kataparuto
35:53 Conscription
36:09 Hoardings
34:55 Elite Samurai
35:45 Caravan
36:59 Two-Man Saw
38:17 Blast Furnace
37:47 Plate Mail Armor
37:18 Bracer
37:49 Ring Archer Armor
37:57 Keep
37:08 Arrowslits
38:54 Chemistry
37:41 Pikeman
38:21 Squires
38:07 Gambesons
38:08 Arson
38:35 Siege Engineers
38:40 Halberdier
42:50 Sanctity
42:31 Devotion
42:56 Illumination
42:47 Block Printing
42:43 Fervor
42:33 Atonement
42:44 Redemption
43:10 Theocracy
42:31 Herbal Medicine
43:01 Thumb Ring
42:17 Elite Skirmisher
43:22 Parthian Tactics
42:18 Heavy Cavalry Archer
Valkyrie
13:17 Feudal Age
18:42 Castle Age
17:00 Double-Bit Axe
19:24 Husbandry
19:45 Bow Saw
20:58 Loom
23:25 Wheelbarrow
30:14 Stone Mining
31:59 Hand Cart
33:55 Town Watch
34:24 Forging
34:19 Scale Barding Armor
37:39 Imperial Age
36:28 Town Patrol
36:21 Gold Mining
38:47 Iron Casting
38:32 Chain Barding Armor
38:50 Gold Shaft Mining
37:40 Cavalier
38:24 Chivalry
38:44 Conscription
40:04 Blast Furnace
38:53 Paladin
40:54 Plate Barding Armor
El chamo pirámide
0:27 Loom
12:56 Feudal Age
18:15 Castle Age
17:25 Wheelbarrow
17:01 Double-Bit Axe
17:31 Horse Collar
24:41 Bow Saw
24:28 Gold Mining
26:28 Heavy Plow
28:44 Hand Cart
33:08 Imperial Age
30:47 Caravan
32:03 Fletching
32:13 Padded Archer Armor
32:18 Scale Mail Armor
32:29 Forging
32:31 Bodkin Arrow
33:06 Sanctity
33:48 Leather Archer Armor
36:00 Conscription
36:44 Bracer
37:09 Onager
38:32 Elite Skirmisher
40:51 Ring Archer Armor
40:32 Paiks
42:47 Chain Mail Armor
tyco170
0:32 Loom
12:46 Feudal Age
13:18 Arson
23:49 Horse Collar
24:29 Double-Bit Axe
27:41 Castle Age
25:44 Gold Mining
26:06 Stone Mining
27:07 Scale Mail Armor
27:18 Forging
27:05 Fletching
27:16 Padded Archer Armor
27:22 Scale Barding Armor
28:11 Gambesons
29:20 Gold Shaft Mining
28:52 Heavy Plow
29:05 Bow Saw
29:48 Squires
31:06 Wheelbarrow
30:23 Town Watch
32:09 Hand Cart
34:25 Iron Casting
36:24 Town Patrol
38:01 Chain Mail Armor
38:07 Chain Barding Armor
38:52 Stirrups
40:30 Bloodlines
40:21 Husbandry
40:19 Bodkin Arrow
44:31 Imperial Age
45:10 Leather Archer Armor
44:36 Onager
Connection lost

Rejoining the realm…

Still unreachable

The connection could not be restored.

Session expired

The server has moved on; the page needs a fresh start.